 Dungeon Crawl Stone Soup version 0.18.1-6-gd335043 (webtiles) character file.

305099 Shtopit the Bludgeoner (level 21, -5/156 HPs)
             Began as a Gargoyle Berserker on May 18, 2016.
             Was the Champion of Trog.
             Slain by a deep troll (16 damage)
             ... led by an ironheart preserver
             ... on level 13 of the Dungeon.
             The game lasted 03:17:36 (41376 turns).

Shtopit the Bludgeoner (Gargoyle Berserker)        Turns: 41376, Time: 03:17:37

Health: -5/156     AC: 49    Str: 28    XL:     21   Next: 13%
Magic:  29/31      EV: 11    Int: 17    God:    Trog [******]
Gold:   2272       SH:  0    Dex:  7    Spells: 0 memorised, 20 levels left

rFire  + + +     SeeInvis +     j - +7 demon whip (freeze)
rCold  + + .     Gourm    .     L - +3 plate armour {rC+}
rNeg   + . .     Faith    .     (no shield)
rPois  ∞         Spirit   .     r - +1 hat of the Iron Devil {rC+}
rElec  +         Dismiss  .     S - +2 cloak {+Inv}
rCorr  .         Reflect  .     (no gloves)
SustAt .         Harm     .     M - +0 pair of boots {run}
MR     +....                    X - amulet of regeneration
Stlth  ..........               Q - +5 ring of protection
                                u - ring of Qyesuch {rF+++ Int+4 Dex-2 SInv}

@: flying, quick, somewhat resistant to hostile enchantments, extremely
unstealthy
A: big wings, yellow scales 1, clever 1, negative energy resistance 1, robust 1,
electricity resistance, unbreathing, petrification resistance, rot immunity,
subdued magic 1, MP-powered wands, AC +15
a: Stop Flying, Berserk, Trog's Hand, Brothers in Arms, Burn Spellbooks,
Renounce Religion, Evoke Invisibility
}: 2/15 runes: decaying, serpentine


You were on level 13 of the Dungeon.
You worshipped Trog.
Trog was exalted by your worship.
You were not hungry.

You visited 7 branches of the dungeon, and saw 35 of its levels.
You visited the Abyss 3 times.
You also visited: Labyrinth, Ice Cave and Volcano.

You collected 4254 gold pieces.
You spent 1982 gold pieces at shops.

Inventory:

Hand Weapons
 a - the +6 great mace of Desperation {drain, *Confuse MP-9 Int+9 Dex+3}
   (Trog gifted it to you on level 1 of the Lair of Beasts)

   A truly terrible weapon, it drains the life of those it strikes.
   It affects your intelligence (+9).
   It affects your dexterity (+3).
   It affects your magic capacity (-9).
   It may confuse you when you take damage.
 j - a +7 demon whip of freezing (weapon)
 k - a +1 antimagic great mace
 I - a +4 eveningstar of holy wrath
 J - a +4 arbalest of flaming
 V - a +2 demon whip of venom
Missiles
 s - 217 bolts
Armour
 r - the +1 hat of the Iron Devil (worn) {rC+}
   (You found it on level 5 of the Dungeon)

   It protects you from cold.
 L - a +3 plate armour of cold resistance (worn)
 M - a +0 pair of boots of running (worn)
 S - a +2 cloak of invisibility (worn)
 T - a +1 chain mail of positive energy
Rods
 d - a +9 rod of ignition (17/17)
   (You found it in a labyrinth)
 e - a +9 rod of ignition (17/17)
   (You found it in a labyrinth)
Jewellery
 i - an uncursed ring of protection from magic
 t - a +3 ring of strength
 u - the ring of Qyesuch (left hand) {rF+++ Int+4 Dex-2 SInv}
   (You found it in a labyrinth)

   [ring of see invisible]

   It affects your intelligence (+4).
   It affects your dexterity (-2).
   It renders you almost immune to fire.
   It lets you see invisible.
 H - an uncursed ring of sustain attributes
 Q - a +5 ring of protection (right hand)
 X - an amulet of regeneration (around neck)
 Y - an uncursed ring of resist corrosion
 Z - an uncursed amulet of dismissal
Wands
 b - a wand of teleportation (4/9)
 n - a wand of lightning (15/15)
 q - a wand of heal wounds (8/9)
 A - a wand of digging (6/24)
 G - a wand of disintegration (17/24)
 R - a wand of acid (4/15)
 W - a wand of teleportation (8/9)
Scrolls
 g - a scroll of silence
 l - 13 scrolls of remove curse
 m - 3 scrolls of fear
 y - 13 scrolls of enchant armour
 z - 5 scrolls of teleportation
 B - a scroll of blinking
 C - a scroll of identify
 N - 4 scrolls of fog
 O - a scroll of magic mapping
 U - a scroll of holy word
Potions
 f - 8 potions of curing
 w - 6 potions of agility
 x - 2 potions of cure mutation
 F - 2 potions of resistance
 K - 3 potions of cancellation
 P - a potion of might
Miscellaneous
 h - a sack of spiders
 o - an ornate deck of defence
 v - a stone of tremors
 D - a plain deck of wonders
 E - a disc of storms
Comestibles
 c - 17 bread rations
 p - 9 meat rations


   Skills:
 + Level 18.6 Fighting
 + Level 20.9 Maces & Flails
 + Level 1.2 Crossbows
 + Level 17.1 Armour
 + Level 9.8 Dodging
 - Level 1.3 Stealth
 * Level 13.9 Evocations


You had 20 spell levels left.
You didn't know any spells.

Dungeon Overview and Level Annotations

Branches:
Dungeon (13/15)            Temple (0/1) D:4            Lair (8/8) D:11
  Swamp (4/4) Lair:6        Snake (4/4) Lair:5        Slime (0/6) Lair:6
    Orc (2/2) D:11            Elf (3/3) Orc:2        Vaults (1/5) D:13

Altars:
Ashenzari
Dithmenos
Elyvilon
Fedhas
Gozag
Kikubaaqudgha
Nemelex Xobeh
Pakellas
Ru
Trog
Vehumet
Yredelemnul
Zin
The Shining One

Shops:
D:9 }   D:12 =   Orc:2 =[}*%   Elf:3 !   Snake:2 =

Portals:
Pandemonium: Orc:2


Innate Abilities, Weirdness & Mutations

You are resistant to torment.
Your stone body is resilient (AC +15).
You are immune to poison.
Your large and strong wings let you fly indefinitely.
You resist negative energy.
You are resistant to electric shocks.
You can survive without breathing.
You are immune to petrification.
You are immune to rotting.
You are partially covered in yellow scales (AC +2).
Your mind is acute. (Int +2)
You are robust (+10% HP).
Your spells are a little easier to cast, but a little less powerful.
You expend magic power (3 MP) to strengthen your wands.


Message History

You barely miss the deep troll.
The deep troll is almost dead.
The deep troll bites you but does no damage.
The deep troll barely misses you.
The deep troll claws you but does no damage.
You whack the deep troll! You freeze the deep troll.
The deep troll is almost dead.
The deep troll bites you but does no damage.
The deep troll closely misses you. x2
You barely miss the deep troll.
The deep troll is almost dead.
The deep troll bites you but does no damage.
The deep troll barely misses you.
The deep troll claws you but does no damage.
You hit the deep troll but do no damage.
The deep troll is almost dead.
The deep troll bites you!!
* * * LOW HITPOINT WARNING * * *
The deep troll claws you!
You die...

#..######.............#
#..# #..#
#.######[###### #..#
#..# #.# #[# #..# #..#
#.# ##[## #..# #..#
#.#####[[[####### #..#
#..# #.......∩.......#
#..# #..#
#.#####.e.#####.# #..#
#..# #.# ##T## #.# #..#
#..# #.# #@#
#.###..####
#..######.##
#.######..........
...).).....#
#^##..............
....)).....#
#..............###
....#####..#
####...######..# !...#
#..# #...# #..# ....#
#..# #...# #..# ....#
#..# #...# #..# ....#
#..# #...# #..#


You could see a deep troll and a deep elf knight (invisible).

Vanquished Creatures
  Vashnia (Snake:4)
  A bone dragon (Abyss:1)
  A Hell Sentinel (Abyss:1)
  Jorgrun (Swamp:4)
  Asterion (Snake:1)
  2 deep elf master archers (Elf:3)
  2 deep elf blademasters (Elf:3)
  3 tentacled starspawn
  Frances (Swamp:2)
  Agnes (Snake:1)
  Kirke (Snake:3)
  4 thorn hunters
  6 greater nagas (Snake:4)
  11 deep elf sorcerers
  A vault warden (Vaults:1)
  2 ironheart preservers (Vaults:1)
  3 deep elf elementalists
  The ghost of Yermak the Eclecticist, a journeyman DEWz of Vehumet (Orc:2)
  7 deep elf demonologists
  A very ugly thing (Abyss:1)
  The ghost of Charly the Brawler, a journeyman VSTm of Cheibriados (Snake:4)
  9 deep elf annihilators
  A salamander stormcaller (Abyss:1)
  A minotaur (Lab)
  A deep elf high priest (Elf:2)
  An ettin (Orc:2)
  Josephine (Lair:8)
  10 deep elf death magi
  8 vault guards (D:13)
  Harold (Lair:1)
  Erica (D:9)
  15 hydras
  10 anacondas
  3 ghost crabs
  A centaur warrior (D:13)
  13 naga warriors
  6 alligators
  26 dancing weapons
  A deep troll shaman (Vaults:1)
  A tengu warrior (D:12)
  4 death yaks (Lair:8)
  14 naga sharpshooters
  8 orc high priests
  A hell hog (Abyss:1)
  A vampire mage (Abyss:3)
  5 thrashing horrors
  A sun demon (Abyss:3)
  A soul eater (Orc:2)
  5 shock serpents
  4 salamander mystics (Snake:4)
  A spatial maelstrom (Abyss:1)
  17 deep elf knights
  A spriggan druid (Swamp:4)
  An infernal demonspawn (Orc:2)
  An unseen horror (D:12)
  A giant orange brain (Abyss:3)
  14 deep elf archers
  A putrid demonspawn (Orc:2)
  A deep troll (Vaults:1)
  9 swamp dragons
  3 starcursed masses (Abyss:1)
  2 gelid demonspawn (Orc:2)
  4 orc knights (Orc:2)
  6 naga ritualists
  5 hill giants
  A harpy (shapeshifter) (Elf:2)
  2 shambling mangroves (Swamp:3)
  Pikel (D:8)
  A mana viper (shapeshifter) (Abyss:1)
  59 deep elf magi
  7 large abominations
  9 mana vipers
  5 orc sorcerers
  3 manticores
  A worldbinder (Abyss:3)
  An ugly thing (D:13)
  2 hornets
  4 oklob plants (Lair:6)
  A cyclops (D:11)
  3 salamanders
  37 black mambas
  2 sixfirhies (Orc:2)
  Joseph (D:8)
  5 elephants (Lair:7)
  2 rust devils (Orc:2)
  2 molten gargoyles (Volcano)
  2 ice statues (IceCv)
  6 guardian serpents
  14 naga magi
  A torpor snail (Lair:4)
  2 smoke demons
  31 spiny frogs
  A gargoyle (D:11)
  2 rime drakes
  2 yaktaurs (Vaults:1)
  A kobold demonologist (D:13)
  8 komodo dragons
  A purple draconian zombie (Abyss:1)
  10 ice devils (IceCv)
  A minotaur zombie (Lab)
  A tormentor (Abyss:3)
  2 ancient zymes (Abyss:1)
  A red devil (Orc:2)
  6 trolls
  A tengu conjurer (D:12)
  7 giant leeches
  5 polar bears
  A minotaur skeleton (Lab)
  A two-headed ogre (D:9)
  22 blink frogs
  16 slime creatures
  3 bog bodies (Swamp:4)
  6 raiju
  4 boulder beetles (Abyss:1)
  2 air elementals
  2 ynoxinuls (Abyss:1)
  3 flying skulls (Abyss:1)
  71 yaks
  5 water elementals
  2 shadows
  A wyvern (D:13)
  4 wraiths
  11 fire bats
  2 fire elementals
  13 hippogriffs
  5 basilisks
  A golden eye (shapeshifter) (Elf:2)
  A neqoxec (Orc:2)
  Grum (D:9)
  Edmund (D:6)
  A steam dragon (D:12)
  4 hungry ghosts
  3 chaos spawn (Abyss:1)
  Menkaure (D:4)
  A mottled dragon (Volcano)
  21 vampire mosquitoes
  10 insubstantial wisps
  19 swamp worms
  3 wargs
  63 nagas
  20 water moccasins
  8 porcupines
  7 swamp drakes
  4 wasps
  4 sky beasts
  3 necrophages (D:7)
  4 ice beasts
  43 orc warriors
  7 black bears
  A snapping turtle zombie (Abyss:1)
  12 ogres
  31 wolves
  8 centaurs
  2 phantoms
  12 crocodiles
  4 big kobolds
  3 earth elementals
  36 giant frogs
  A gnoll sergeant (Orc:2)
  3 scorpions
  10 small abominations
  16 killer bees
  3 wights (D:11)
  2 howler monkeys (D:8)
  4 electric eels
  7 crimson imps
  2 centaur zombies
  3 lava snakes (Volcano)
  2 giant frog zombies
  25 orc priests
  2 centaur skeletons
  A gnoll shaman (D:7)
  5 hounds
  Crazy Yiuf (D:3)
  3 jellies
  21 orc wizards
  A giant frog skeleton (D:12)
  7 iguanas
  8 worker ants
  12 sheep
  A hound zombie (D:7)
  A howler monkey zombie (D:9)
  7 adders
  11 gnolls
  45 river rats
  3 shadow imps
  10 white imps
  9 ufetubi
  An ooze (D:2)
  2 adder zombies
  3 adder skeletons
  6 worms
  5 giant geckos
  92 orcs
  5 giant cockroaches
  9 goblins
  7 hobgoblins
  6 jackals
  4 quokkas
  4 ball pythons
  6 bats
  A giant cockroach zombie (D:6)
  8 giant newts
  A jackal skeleton (D:7)
  20 kobolds
  A quokka skeleton (D:3)
  9 rats
  3 briar patches
  A bush (D:7)
  2 crawling corpses (Elf:3)
  2 plants
1464 creatures vanquished.

Vanquished Creatures (collateral kills)
  A greater naga (Snake:4)
  A naga warrior (Snake:4)
  A naga ritualist (Snake:4)
  A mana viper (Snake:4)
  A guardian serpent (Snake:4)
5 creatures vanquished.

Vanquished Creatures (others)
  A hydra (Swamp:4)
  A deep elf mage (Elf:1)
  A salamander (Snake:3)
  A smoke demon (Elf:1)
  A gargoyle (D:7)
  A bog body (Swamp:4)
  3 slime creatures (Swamp:3)
  4 humans (Snake:3)
  A naga (Snake:4)
  2 swamp drakes (Swamp:4)
  An eye of draining (D:8)
  A giant frog skeleton (D:8)
  2 white imps (IceCv)
  3 ufetubi (IceCv)
  An orc (Orc:1)
  A kobold (D:13)
  A bush (D:7)
  11 fungi
  28 plants
  6 starspawn tentacles
  A starspawn tentacle segment (Abyss:3)
72 creatures vanquished.

Grand Total: 1541 creatures vanquished

Notes
Turn   | Place    | Note
--------------------------------------------------------------
     0 | D:1      | Shtopit the Gargoyle Berserker began the quest for the Orb.
     0 | D:1      | Reached XP level 1. HP: 14/14 MP: 1/1
   217 | D:1      | Reached XP level 2. HP: 20/20 MP: 2/2
   395 | D:1      | Reached XP level 3. HP: 18/24 MP: 3/3
  1132 | D:2      | Reached XP level 4. HP: 27/29 MP: 4/4
  1280 | D:2      | Reached ** piety under Trog
  1673 | D:3      | Noticed a phantom
  1701 | D:3      | Killed a phantom
  1701 | D:3      | Reached XP level 5. HP: 23/34 MP: 5/5
  1763 | D:3      | Found a glowing silver altar of Zin.
  1802 | D:3      | Found an opulent altar of Gozag.
  1848 | D:3      | Found a sparkling altar of Nemelex Xobeh.
  1946 | D:3      | Found a shadowy altar of Dithmenos.
  2182 | D:3      | Reached skill level 4 in Maces & Flails
  2336 | D:3      | Reached *** piety under Trog
  2387 | D:3      | Noticed Crazy Yiuf
  2393 | D:3      | Killed Crazy Yiuf
  2393 | D:3      | Reached XP level 6. HP: 39/39 MP: 6/6
  2526 | D:4      | Found a staircase to the Ecumenical Temple.
  2761 | D:4      | Noticed Menkaure
  2766 | D:4      | Killed Menkaure
  2918 | D:4      | Reached XP level 7. HP: 43/44 MP: 7/7
  3445 | D:4      | Reached skill level 5 in Fighting
  3855 | D:4      | Found a shattered altar of Ashenzari.
  3937 | D:5      | Entered Level 5 of the Dungeon
  3971 | D:5      | Reached skill level 1 in Stealth
  4008 | D:5      | Reached skill level 5 in Maces & Flails
  4008 | D:5      | Reached skill level 5 in Armour
  4151 | D:5      | Reached XP level 8. HP: 49/49 MP: 8/8
  4177 | D:5      | Found a sacrificial altar of Ru.
  4274 | D:5      | Got a spiked hat
  4280 | D:5      | Identified the +1 hat of the Iron Devil {rC+} (You found it on level 5 of the Dungeon)
  4388 | D:5      | Found a basalt altar of Yredelemnul.
  4606 | D:6      | Noticed Edmund
  4621 | D:6      | Killed Edmund
  4623 | D:6      | Reached skill level 5 in Dodging
  4959 | D:6      | Found a bloodstained altar of Trog.
  5202 | D:7      | Reached **** piety under Trog
  5257 | D:7      | Reached skill level 6 in Maces & Flails
  5279 | D:7      | Reached XP level 9. HP: 54/55 MP: 9/9
  5355 | D:7      | Found an oddly glowing altar of Pakellas.
  5356 | D:7      | Noticed a gargoyle
  5369 | D:7      | Killed a gargoyle
  5768 | D:7      | Found a blossoming altar of Fedhas.
  5884 | D:7      | Reached skill level 7 in Maces & Flails
  6048 | D:8      | Noticed Joseph
  6070 | D:8      | Killed Joseph
  6416 | D:8      | Found a glowing golden altar of the Shining One.
  6453 | D:8      | Found a radiant altar of Vehumet.
  6500 | D:8      | Noticed Pikel
  6509 | D:8      | Killed Pikel
  6509 | D:8      | Reached skill level 8 in Maces & Flails
  6509 | D:8      | Reached XP level 10. HP: 63/63 MP: 10/10
  6552 | D:8      | Found a sacrificial altar of Ru.
  6684 | D:8      | Found an ancient bone altar of Kikubaaqudgha.
  6910 | D:9      | Noticed Erica
  6933 | D:9      | Killed Erica
  7048 | D:9      | Found Zusana's Gadget Boutique.
  7057 | D:9      | Bought a wand of teleportation (4/9) for 336 gold pieces
  7141 | D:9      | Reached ***** piety under Trog
  7516 | D:9      | Reached skill level 9 in Maces & Flails
  7577 | D:9      | Noticed Grum
  7629 | D:9      | Killed Grum
  7907 | D:9      | Found a blossoming altar of Fedhas.
  8087 | D:9      | Reached XP level 11. HP: 69/69 MP: 11/11
  8158 | D:10     | Entered Level 10 of the Dungeon
  8557 | D:10     | Gained mutation: You are robust (+10% HP). [potion of mutation]
  8557 | D:10     | Gained mutation: Your spells are a little easier to cast, but a little less powerful. [potion of mutation]
  8557 | D:10     | Gained mutation: Your mind is acute. (Int +2) [potion of mutation]
  8558 | D:10     | Gained mutation: You are partially covered in yellow scales (AC +2). [potion of beneficial mutation]
  9398 | D:11     | Noticed a hill giant
  9410 | D:11     | Killed a hill giant
  9410 | D:11     | Reached skill level 1 in Evocations
  9687 | D:11     | Reached skill level 10 in Maces & Flails
  9692 | D:11     | Received a gift from Trog
  9723 | D:11     | Noticed a hill giant
  9734 | D:11     | Killed a hill giant
 10162 | D:11     | Noticed a hill giant
 10166 | D:11     | Killed a hill giant
 10179 | D:11     | Noticed a cyclops
 10295 | D:11     | Killed a cyclops
 10474 | D:11     | Found a staircase to the Lair.
 10494 | D:11     | Found a staircase to the Orcish Mines.
 10612 | Lair:1   | Entered Level 1 of the Lair of Beasts
 10647 | Lair:1   | Noticed Harold
 10677 | Lair:1   | Killed Harold
 10677 | Lair:1   | Reached skill level 11 in Maces & Flails
 10677 | Lair:1   | Reached XP level 12. HP: 68/84 MP: 14/14
 10685 | Lair:1   | Found a labyrinth entrance.
 10701 | Lab      | Entered a labyrinth
 10893 | Lab      | Noticed a minotaur
 10905 | Lab      | Killed a minotaur
 10905 | Lab      | Reached skill level 10 in Fighting
 10908 | Lab      | Got a clouded bronze ring
 10957 | Lair:1   | Identified the ring of Qyesuch {rF+++ Int+4 Dex-2 SInv} (You found it in a labyrinth)
 11031 | Lair:1   | Received a gift from Trog
 11032 | Lair:1   | Got a pitted great mace {god gift}
 11033 | Lair:1   | Identified the +6 great mace of Desperation {drain, *Confuse MP-9 Int+9 Dex+3} (Trog gifted it to you on level 1 of the Lair of Beasts)
 11580 | Lair:1   | Reached skill level 10 in Armour
 11810 | Lair:2   | Got a heavily runed scale mail
 11823 | Lair:2   | Reached skill level 12 in Maces & Flails
 11854 | Lair:2   | Identified the cursed +1 scale mail of the Special Songs {+Inv rC- Int-5 Dex+6} (You found it on level 2 of the Lair of Beasts)
 11874 | Lair:2   | Identified a +4 rod of ignition (13/13) (You found it in a labyrinth)
 11875 | Lair:2   | Identified a +3 rod of ignition (11/11) (You found it in a labyrinth)
 12084 | Lair:2   | Reached skill level 5 in Evocations
 13168 | Lair:2   | Reached XP level 13. HP: 57/92 MP: 7/16
 13595 | Lair:3   | Received a gift from Trog
 13956 | Lair:3   | Reached ****** piety under Trog
 14179 | Lair:3   | Received a gift from Trog
 14308 | Lair:3   | Reached skill level 13 in Maces & Flails
 15389 | Lair:5   | Found a staircase to the Snake Pit.
 16572 | Lair:6   | Found a staircase to the Slime Pits.
 16719 | Lair:6   | Reached skill level 1 in Crossbows
 16979 | Lair:6   | Found a staircase to the Swamp.
 17537 | Lair:7   | Received a gift from Trog
 17568 | Lair:7   | Found a frozen archway.
 17604 | IceCv    | Entered an ice cave
 17640 | IceCv    | Gained mutation: Your large and strong wings let you fly indefinitely. [Gargoyle growth]
 17640 | IceCv    | Reached XP level 14. HP: 95/100 MP: 10/19
 17754 | IceCv    | Reached skill level 14 in Maces & Flails
 19308 | Lair:8   | Entered Level 8 of the Lair of Beasts
 19874 | Lair:8   | Received a gift from Trog
 20314 | Lair:8   | Received a gift from Trog
 20650 | Lair:8   | Reached skill level 15 in Maces & Flails
 20785 | Lair:8   | Noticed Josephine
 20798 | Lair:8   | Killed Josephine
 20798 | Lair:8   | Reached XP level 15. HP: 97/106 MP: 12/21
 21786 | Orc:1    | Entered Level 1 of the Orcish Mines
 21952 | Orc:1    | Paralysed by an orc sorcerer for 7 turns
 22304 | Orc:2    | Entered Level 2 of the Orcish Mines
 22312 | Orc:2    | Received a gift from Trog
 22487 | Orc:2    | Found Bupn's Jewellery Emporium.
 22499 | Orc:2    | Noticed Yermak's ghost (journeyman DEWz)
 22516 | Orc:2    | Killed Yermak's ghost
 22541 | Orc:2    | Found a dark tunnel.
 22557 | Volcano  | Entered a volcano
 22641 | Volcano  | Found a bloodstained altar of Trog.
 23032 | Orc:2    | Received a gift from Trog
 23205 | Orc:2    | Found Wufrannu's General Store.
 23216 | Orc:2    | Found Siobec's Food Shop.
 23304 | Orc:2    | HP: 2/108 [orc priest/divine providence (13)]
 23664 | Orc:2    | Found a staircase to the Elven Halls.
 23985 | Orc:2    | Received a gift from Trog
 24095 | Orc:2    | Gained mutation: You expend magic power (3 MP) to strengthen your wands. [a neqoxec]
 24809 | Orc:2    | Reached skill level 16 in Maces & Flails
 24909 | Orc:2    | Found Kusm's Antique Armour Shoppe.
 24909 | Orc:2    | Found a one-way gate leading to the halls of Pandemonium.
 24909 | Orc:2    | Found Suitif's Gadget Emporium.
 24920 | Orc:2    | Bought a pair of crude boots for 304 gold pieces
 24930 | Orc:2    | Identified the cursed +0 pair of boots "Misyud" {rPois rF+ Slay+3} (You bought it in a shop on level 2 of the Orcish Mines)
 24938 | Orc:2    | Bought a disc of storms for 300 gold pieces
 25407 | Orc:2    | Bought an uncursed ring of resist corrosion for 340 gold pieces
 25407 | Orc:2    | Bought an uncursed amulet of regeneration for 510 gold pieces
 25435 | Elf:1    | Entered Level 1 of the Elven Halls
 25448 | Elf:1    | Received a gift from Trog
 25667 | Elf:1    | Found an ancient bone altar of Kikubaaqudgha.
 25686 | Elf:1    | Reached XP level 16. HP: 76/115 MP: 23/23
 25803 | Elf:1    | Cast into level 1 of the Abyss (deep elf mage)
 26305 | Abyss:1  | Noticed a Hell Sentinel
 26326 | Abyss:1  | Killed a Hell Sentinel
 26343 | Abyss:1  | Reached skill level 10 in Evocations
 26347 | Elf:1    | Escaped the Abyss
 26362 | Elf:1    | Received a gift from Trog
 26934 | Elf:1    | Noticed an Ice Fiend
 27588 | Elf:2    | Reached skill level 17 in Maces & Flails
 27597 | Elf:2    | Found a runed gate.
 27597 | Elf:2    | Found a runed gate.
 27601 | Elf:2    | Found a runed gate.
 27788 | Elf:2    | Received a gift from Trog
 27788 | Elf:2    | Reached XP level 17. HP: 123/123 MP: 24/24
 28238 | Elf:2    | Reached skill level 15 in Fighting
 28442 | Elf:2    | Received a gift from Trog
 28753 | Elf:2    | Cast into level 3 of the Abyss (hand axe of distortion)
 28754 | Abyss:3  | Found a corrupted altar of Lugonu.
 28911 | Abyss:3  | Reached skill level 15 in Armour
 28996 | Abyss:3  | Noticed a tentacled starspawn
 29007 | Abyss:3  | Killed a tentacled starspawn
 29014 | Abyss:3  | Noticed a profane servitor
 29051 | Abyss:3  | Noticed a tentacled starspawn
 29057 | Abyss:3  | Killed a tentacled starspawn
 29155 | Elf:2    | Escaped the Abyss
 29181 | Elf:2    | Reached skill level 18 in Maces & Flails
 29715 | Elf:2    | Cast into level 1 of the Abyss (deep elf mage)
 29745 | Abyss:1  | Noticed a tentacled starspawn
 29757 | Abyss:1  | Killed a tentacled starspawn
 29757 | Abyss:1  | Reached XP level 18. HP: 125/132 MP: 26/26
 29766 | Abyss:1  | Found a corrupted altar of Lugonu.
 29774 | Abyss:1  | Noticed a bone dragon
 29791 | Abyss:1  | Killed a bone dragon
 30082 | Elf:2    | Escaped the Abyss
 30225 | Elf:3    | Entered Level 3 of the Elven Halls
 30355 | Elf:3    | Found Zuozomim's Distillery.
 30526 | Elf:3    | Received a gift from Trog
 30528 | Elf:3    | Noticed a deep elf blademaster
 30545 | Elf:3    | Killed a deep elf blademaster
 30593 | Elf:3    | Identified a scroll of acquirement
 30620 | Elf:3    | Noticed a deep elf master archer
 30641 | Elf:3    | Noticed a deep elf blademaster
 30649 | Elf:3    | Noticed a Brimstone Fiend
 30651 | Elf:3    | Killed a deep elf master archer
 30652 | Elf:3    | Noticed a deep elf master archer
 30662 | Elf:3    | Killed a deep elf master archer
 30662 | Elf:3    | Killed a deep elf blademaster
 31148 | Elf:3    | Identified a +0 pair of boots of running (You found it on level 3 of the Elven Halls)
 31231 | Elf:3    | Got a steaming crystal amulet
 31233 | Elf:3    | Identified the amulet of the Country {RegenMP Str+2} (You found it on level 3 of the Elven Halls)
 31465 | Elf:3    | Reached skill level 19 in Maces & Flails
 31718 | Elf:3    | Got a crude bone ring
 31721 | Elf:3    | Identified the ring of Luog {rF+ Stlth-} (You took it off a deep elf annihilator on level 3 of the Elven Halls)
 32104 | Orc:1    | Received a gift from Trog
 32268 | Swamp:1  | Entered Level 1 of the Swamp
 33099 | Swamp:2  | Reached XP level 19. HP: 139/139 MP: 28/28
 33139 | Swamp:2  | Noticed Frances
 33158 | Swamp:2  | Killed Frances
 34287 | Swamp:3  | Received a gift from Trog
 34496 | Swamp:4  | Entered Level 4 of the Swamp
 34592 | Swamp:4  | Noticed Jorgrun
 34600 | Swamp:4  | Killed Jorgrun
 35163 | Swamp:4  | Got a decaying rune of Zot
 35623 | Snake:1  | Entered Level 1 of the Snake Pit
 35739 | Snake:1  | Found a white marble altar of Elyvilon.
 35754 | Snake:1  | Noticed Asterion
 35773 | Snake:1  | Killed Asterion
 35821 | Snake:1  | Noticed Agnes
 35840 | Snake:1  | Killed Agnes
 35923 | Snake:1  | Received a gift from Trog
 36964 | Snake:2  | Found Maodenaywn's Jewellery Shoppe.
 36979 | Snake:2  | Bought an uncursed ring of sustain attributes for 192 gold pieces
 37291 | Snake:3  | Noticed Kirke
 37300 | Snake:3  | Reached skill level 20 in Maces & Flails
 37318 | Snake:3  | Killed Kirke
 37500 | Snake:3  | Reached XP level 20. HP: 138/148 MP: 29/29
 37820 | Snake:4  | Entered Level 4 of the Snake Pit
 37844 | Snake:4  | Noticed Charly's ghost (journeyman VSTm)
 37855 | Snake:4  | Received a gift from Trog
 37874 | Snake:4  | Killed Charly's ghost
 38339 | Snake:4  | Noticed Vashnia
 38432 | Snake:4  | Killed Vashnia
 38875 | Snake:4  | Got a twisted scale mail
 38876 | Snake:4  | Identified the +6 scale mail "Asat" {rF+ Int+5} (You acquired it on level 4 of the Snake Pit)
 38918 | Snake:4  | Received a gift from Trog
 39331 | Snake:4  | Received a gift from Trog
 39543 | Snake:4  | Got a serpentine rune of Zot
 40104 | D:12     | Found Ofoitoiz's Jewellery Boutique.
 40797 | D:13     | Found a gate to the Vaults.
 40853 | D:13     | Reached XP level 21. HP: 156/156 MP: 31/31
 41315 | Vaults:1 | Entered Level 1 of the Vaults
 41347 | Vaults:1 | Received a gift from Trog
 41376 | D:13     | Slain by a deep troll

Skill      XL: |  1  2  3  4  5  6  7  8  9 10 11 12 13 14 15 16 17 18 19 20 |
---------------+-------------------------------------------------------------+-----
Fighting       | 4 5 7 8 9 10 11 12 13 14 15 16 17 18 | 18.6
Dodging        | 2 3 4 5 7 8 9 |  9.8
Armour         | 3 5 6 8 9 10 11 12 13 14 15 16 17 | 17.1
Maces & Flails | 4 5 6 8 9 11 12 13 15 16 17 18 19 20 | 20.9
Stealth        | 1 |  1.3
Evocations     | 3 5 6 8 9 10 11 12 13 | 13.9
Crossbows      | 1 |  1.2

Action                   |  1- 3 |  4- 6 |  7- 9 | 10-12 | 13-15 | 16-18 | 19-21 || total
-------------------------+-------+-------+-------+-------+-------+-------+-------++-------
Melee: Mace              |    72 |   193 |   138 |       |       |       |       ||   403
       Flail             |       |       |   362 |   364 |       |       |       ||   726
       Demon whip        |       |       |       |   186 |   487 |  1198 |  1579 ||  3450
       Great mace        |       |       |       |   259 |  1041 |    43 |       ||  1343
       Dire flail        |       |       |       |       |     3 |       |       ||     3
       Eveningstar       |       |       |       |       |       |       |    21 ||    21
 Fire: Hand crossbow     |       |       |       |       |    10 |       |       ||    10
Invok: Berserk           |     3 |     3 |     5 |    14 |     7 |     7 |     2 ||    41
       Burn Spellbooks   |       |       |       |     2 |     4 |     5 |     3 ||    14
       Trog's Hand       |       |       |       |       |     4 |     3 |     3 ||    10
       Brothers in Arms  |       |       |       |       |       |       |     3 ||     3
 Abil: Fly               |       |       |       |       |     1 |       |     2 ||     3
       Evoke Invisibilit |       |       |       |       |       |     1 |       ||     1
Evoke: Rod               |       |       |       |       |    23 |    26 |     7 ||    56
       Wand              |       |       |       |       |     2 |     2 |     1 ||     5
       Disc of storms    |       |       |       |       |       |     2 |    15 ||    17
  Use: Scroll            |       |       |    10 |    10 |    18 |    11 |     9 ||    58
       Potion            |       |       |    10 |     4 |     6 |     1 |       ||    21
  Eat: Chunk             |     2 |    11 |    15 |    32 |    28 |     6 |     6 ||   100
       Royal jelly       |       |       |     1 |       |     2 |       |       ||     3
       Fruit             |       |       |       |     2 |    21 |    12 |     4 ||    39
       Beef jerky        |       |       |       |     3 |     4 |     3 |     1 ||    11
       Pizza             |       |       |       |     1 |       |     1 |       ||     2
       Meat ration       |       |       |       |       |     1 |     4 |     5 ||    10
Armor: Ring mail         |    33 |   111 |   222 |     4 |       |       |       ||   370
       Animal skin       |     1 |       |       |       |       |       |       ||     1
       Chain mail        |       |       |       |   110 |       |    97 |       ||   207
       Plate armour      |       |       |       |   458 |  1522 |   896 |  1387 ||  4263
Dodge: Dodged            |    57 |   152 |   329 |   443 |  1008 |   477 |   716 ||  3182
